 Dungeon Crawl Stone Soup version 0.30-a0-377-g5cb311bc9f (webtiles) character file.

Game seed: 17158007356352373238

383 Angani the Grasshopper (level 6, -1/58 (72) HPs)
             Began as a Draconian Warper on Nov 30, 2022.
             Was an Initiate of Cheibriados.
             Slain by a necrophage (5 damage)
             ... on level 5 of the Dungeon.
             The game lasted 00:06:07 (3582 turns).

Angani the Grasshopper (Draconian Warper)           Turns: 3582, Time: 00:06:08

HP:   -1/58 (72)    AC: 23    Str: 14    XL:     6   Next: 47%
MP:   3/12          EV:  2    Int: 21    God:    Cheibriados [......]
Gold: 307           SH:  0    Dex: 15    Spells: 2/13 levels left

rFire   . . .      SeeInvis +    a - +0 falchion
rCold   . . .      Faith    .    (no shield)
rNeg    . . .      Spirit   .    (body armour unavailable)
rPois   +          Reflect  .    (helmet currently unavailable)
rElec   .          Harm     .    (cloak currently unavailable)
rCorr   .          Rampage  .    (gloves currently unavailable)
Will    .....      NoTele   +    (boots currently unavailable)
Stlth   +.........               (no amulet)
HPRegen 0.29/turn                r - +6 ring of intelligence
MPRegen 0.13/turn                (no ring)

@: brilliant, tree-form, attractive, heavily drained, slow
A: stationary, stasis, torment immunity, boosted hp, AC +6, unfitting armour,
(cold-blooded), (talons 1), see invisible, agile 1, deterioration 1
a: Renounce Religion


You were on level 5 of the Dungeon.
You worshipped Cheibriados.
Cheibriados was noncommittal.
You were a tree.
You visited 2 branches of the dungeon, and saw 6 of its levels.

You collected 307 gold pieces.

Inventory:

Hand Weapons
 a - a +0 falchion (weapon)
Missiles
 c - 5 boomerangs of dispersal
Jewellery
 r - a +6 ring of intelligence (left branch)
Wands
 j - a wand of polymorph (11)
Scrolls
 b - a scroll of blinking
 d - a scroll of poison {unknown}
 f - a scroll of magic mapping
 h - 5 scrolls of teleportation {unknown}
 m - 2 scrolls of noise {unknown}
 n - a scroll of amnesia {unknown}
 q - a scroll of summoning {unknown}
Potions
 e - a potion of haste


   Skills:
 - Level 2.1 Fighting
 + Level 4.2 Long Blades
 - Level 0.8 Throwing
 - Level 2.1 Dodging
 + Level 4.0 Spellcasting
 + Level 4.8 Translocations


You had 2 spell levels left.
You knew the following spells:

 Your Spells              Type           Power      Damage    Failure   Level
a - Blink                 Tloc           74%        N/A       2%          2
b - Teleport Other        Tloc           37%        N/A       4%          3
c - Lesser Beckoning      Tloc           74%        N/A       4%          3
d - Vhi's Electric Charg  Tloc/Air       42%        N/A       13%         3

Your spell library contained the following spells:

 Spells                   Type           Power      Damage    Failure   Level
 Ensorcelled Hibernation  Hex/Ice        12%        N/A       19%         2
 Passwall                 Tmut/Erth      5%         N/A       19%         2
 Manifold Assault         Tloc           37%        N/A       16%         4
 Dazzling Flash           Conj/Hex       12%        N/A       34%         3
 Swiftness                Air            6%         N/A       34%         3
 Agony                    Necr           6%         N/A       97%         5
 Silence                  Hex/Air        3%         N/A       97%         5


Dungeon Overview and Level Annotations

Branches:
Dungeon (5/15)             Temple (1/1) D:5

Altars:
Cheibriados
Elyvilon
Fedhas
Hepliaklqana
Makhleb
Nemelex Xobeh
Qazlal
Ru
Sif Muna
Trog
Yredelemnul
Zin

Shops:
D:5 (=:?


Innate Abilities, Weirdness & Mutations

You are a tree.
Your roots penetrate the ground, keeping you stationary.
You cannot be teleported.
You are immune to unholy pain and torment.
Your maximum health is greatly increased.
Your equipment is partially melded.
((Your plain brown scales are hard. (AC +6)))
You cannot fit into any form of body armour.
((You are cold-blooded and may be slowed by cold attacks.))
((You have sharp toenails.))
You have supernaturally acute eyesight. (SInv)
You are agile. (Dex +4, Str/Int -1)
Your body sometimes deteriorates upon taking damage.


Message History

The necrophage barely misses you. The orc barely misses you.
Unknown command.
You hit the orc but do no damage.
The orc is lightly wounded.
You feel stable enough to blink again. The orc hits you with a +0 mace.
The necrophage hits you. The orc hits you with a +0 hand axe.
* * * LOW HITPOINT WARNING * * *
Unknown command.
It was a potion of attraction.
You feel attractive to monsters. The necrophage hits you.
* * * LOW HITPOINT WARNING * * *
You feel drained. The orc hits you with a +0 mace.
* * * LOW HITPOINT WARNING * * *
The orc closely misses you.
Unknown command.
It was a potion of mutation.
You feel extremely strange.
You feel agile.
You feel yourself wasting away.
Your vision sharpens.
Your toenails lengthen and sharpen.
The necrophage barely misses you. The orc closely misses you. x2
It was a potion of brilliance.
You feel clever all of a sudden. The necrophage hits you.
* * * LOW HITPOINT WARNING * * *
The orc barely misses you. The orc closely misses you.
Unknown command.
It was a potion of lignification.
You turn into a tree.
Your roots penetrate the ground.
The necrophage hits you.
* * * LOW HITPOINT WARNING * * *
The orc hits you but does no damage. The orc hits you with a +0 hand axe.
* * * LOW HITPOINT WARNING * * *
Unknown command.
Okay, then.
Okay, then.
Unknown command.
You closely miss the necrophage.
The necrophage is lightly damaged.
The orc hits you but does no damage. The necrophage hits you.
You die...

****,,********###..#
,***,,****,,,*#....#
,,,,,,,*...,,,#....*******
,,,,,,,*...,,,#...##,,,,,**
,,,,,,,*....,,#....#,,,,,,*
#######*.....*#...#*,,,,,*****
..##..##.....##...#*,,,,,**,,*
......#...........##+####**,,*
......#.........♣........,,,,*
#'######.....##oon.......,,,,*
..##..##.....##)W.$..#..,*,***
...'.........##...#...#,*,,*
...#.........##...##...∩,,,*
...#...<......'...#*..#.*,,*
#.###..#.##..##...#*,#..,*,*
#.#*###########.........,,,*
...,,* *.........,,,**


You could see a necrophage, a phantom and 2 orcs.

Vanquished Creatures
  2 necrophages (D:4)
  A howler monkey (D:4)
  Jessica (D:3)
  An orc wizard (D:4)
  Robin (D:3)
  3 adders
  3 worms
  3 dart slugs
  7 orcs
  3 endoplasms
  6 giant cockroaches
  11 hobgoblins
  8 jackals
  4 quokkas
  15 ball pythons
  4 bats
  6 frilled lizards
  17 goblins
  10 kobolds
  13 rats
119 creatures vanquished.

Notes
Turn   | Place    | Note
-------+----------+-------------------------------------------
     0 | D:1      | Angani the Draconian Warper began the quest for the Orb.
     0 | D:1      | Reached XP level 1. HP: 17/17 MP: 3/3
   254 | D:1      | Reached XP level 2. HP: 24/24 MP: 5/5
   792 | D:1      | Found a faded altar of an unknown god.
  1081 | D:2      | Reached XP level 3. HP: 29/29 MP: 6/6
  1542 | D:2      | Reached XP level 4. HP: 36/36 MP: 8/8
  1710 | D:3      | Learned a level 2 spell: Blink
  1714 | D:3      | Learned a level 3 spell: Teleport Other
  1800 | D:3      | Noticed Jessica
  1810 | D:3      | Killed Jessica
  1954 | D:3      | Noticed Robin
  1989 | D:3      | Killed Robin
  1990 | D:3      | Reached XP level 5. HP: 33/41 MP: 9/9
  2140 | D:3      | Found a faded altar of an unknown god.
  2145 | D:3      | Found a blossoming altar of Fedhas.
  2631 | D:4      | Learned a level 3 spell: Lesser Beckoning
  2635 | D:4      | Learned a level 3 spell: Vhi's Electric Charge
  2789 | D:4      | Reached XP level 6. HP: 18/46 MP: 11/11
  3437 | D:5      | Entered Level 5 of the Dungeon
  3439 | D:5      | Found Divomis's Weapon Emporium.
  3457 | D:5      | Found Qumnain's Book Emporium.
  3469 | D:5      | Found Deomoq's Jewellery Shoppe.
  3480 | D:5      | Found a staircase to the Ecumenical Temple.
  3486 | Temple   | Entered the Ecumenical Temple
  3505 | Temple   | Became a worshipper of Cheibriados the Contemplative
  3557 | D:5      | Found Saex's Magic Scroll Shoppe.
  3579 | D:5      | Gained mutation: You are agile. (Dex +4, Str/Int -1)
                  | [potion of mutation]
  3579 | D:5      | Gained mutation: Your body sometimes deteriorates upon
                  | taking damage. [potion of mutation]
  3579 | D:5      | Gained mutation: You have supernaturally acute eyesight.
                  | (SInv) [potion of mutation]
  3579 | D:5      | Gained mutation: You have sharp toenails. [potion of
                  | mutation]
  3582 | D:5      | Slain by a necrophage

Illustrated notes

Levels and vault maps discovered:
D:1:      onia_arrival_pyramid, layout_loops_corners,
          ebering_ecumenical_altar_hall
D:2:      cheibrodos_helix_gallery, layout_rooms, corexii_shack
D:3:      layout_basic, nicolae_overflow_ecumenical_swirl, uniq_jessica,
          uniq_robin
D:4:      layout_basic, kennysheep_pointless_box
D:5:      layout_gridville, amethyst_overflow_temple_binary,
          minmay_temple_entry_enclosed_plants, serial_shops, nicolae_shop_trees,
          nicolae_shop_stone, kennysheep_little_box,
          nicolae_shop_hallway_stairs, nicolae_shop_advertising_works
          [nicolae_subvault_shop_adworks], grunt_ministairs_12
Temple:   minmay_freezing_vapour_temple

Skill      XL: |  1  2  3  4  5  6 |
---------------+-------------------+-----
Long Blades    | 3 4 |  4.2
Spellcasting   | 3 4 |  4.0
Translocations | 4 |  4.8
Fighting       | |  2.1
Throwing       | |  0.8
Dodging        | |  2.1

Action                   |  1- 3 |  4- 6 || total
-------------------------+-------+-------++-------
Melee: Falchion          |   154 |   268 ||   422
       Tailslap          |    14 |    20 ||    34
       Punch             |       |     2 ||     2
Throw: Boomerang         |     2 |       ||     2
 Cast: Teleport Other    |       |     1 ||     1
       Vhi's Electric Ch |       |     2 ||     2
       Blink             |       |     1 ||     1
  Use: Scroll            |       |     4 ||     4
       Potion            |       |     7 ||     7
 Stab: Sleeping          |     1 |       ||     1
Armor: Skin              |    45 |   129 ||   174
Dodge: Dodged            |   130 |   208 ||   338

Table legend: (Time is in decaauts)
 A = Elapsed time spent in this place.
 B = Non-inter-level travel time spent in this place.
 C = Inter-level travel time spent in this place.
 D = Time resting spent in this place.
 E = Time spent auto-exploring this place.
 F = Levels seen in this place.
 G = Mean time per level.
                   A        B        C        D        E       F      G
               +--------+--------+--------+--------+--------+-----+--------+
         Total |   3666 |   3548 |    118 |    218 |   2383 |   6 |  611.0 |
       Dungeon |   3641 |   3528 |    113 |    218 |   2373 |   5 |  728.2 |
        Temple |     25 |     20 |      5 |      0 |     10 |   1 |   25.0 |
               +--------+--------+--------+--------+--------+-----+--------+

Top non-repeatable levels by time:
     D:4: 1151 daAuts
     D:1: 1090 daAuts
     D:3: 738 daAuts
     D:2: 526 daAuts
     D:5: 134 daAuts
  Temple: 25 daAuts
